 Dungeon Crawl Stone Soup version 0.18.1-50-g88ac8fd (webtiles) character file.

289 Chiseanne the Skirmisher (level 6, -2/76 HPs)
             Began as a Centaur Air Elementalist on Oct 7, 2016.
             Slain by a scorpion (4 damage)
             ... on level 4 of the Dungeon.
             The game lasted 00:09:52 (4214 turns).

Chiseanne the Skirmisher (Centaur Air Elementalist) Turns: 4214, Time: 00:09:53

Health: -2/76      AC: 23    Str: 10    XL:     6   Next: 9%
Magic:  9/9        EV:  1    Int: 16    God:
Gold:   103        SH:  0    Dex: 10    Spells: 2 memorised, 5 levels left

rFire  . . .     SeeInvis .     a - +3 hand axe
rCold  + . .     Gourm    .     (armour currently unavailable)
rNeg   + + +     Faith    .     (no shield)
rPois  +         Spirit   .     (helmet currently unavailable)
rElec  .         Dismiss  .     (cloak currently unavailable)
rCorr  .         Reflect  .     (gloves currently unavailable)
SustAt .         Harm     .     (no barding)
MR     .....     NoTele   +     (no amulet)
Stlth  ++........               (no ring)
                                j - ring of protection from cold

@: lethally poisoned (-2 -> -29), tree-form, not resistant to hostile
enchantments, unstealthy
A: (hooves 0), (deformed body), (speed 0), (tough skin 0)
a: no special abilities


You were on level 4 of the Dungeon.
You were not hungry.
You were a tree.
You visited 1 branch of the dungeon, and saw 4 of its levels.
You also visited: Sewer.

You collected 103 gold pieces.

Inventory:

Hand Weapons
 a - a +3 hand axe (weapon)
 s - a +0 blowgun
Missiles
 f - 7 poisoned needles
 g - 46 arrows
 i - 93 stones (quivered)
 l - 17 sling bullets
Armour
 o - a +4 scale mail (melded)
 y - a +0 pair of gloves (melded)
Jewellery
 j - a ring of protection from cold (left branch)
Scrolls
 u - a scroll of teleportation
Potions
 d - a potion of cancellation {unknown}
 e - a potion of lignification
 k - 2 potions of haste
 m - 3 potions of brilliance {unknown}
 n - a potion of invisibility {unknown}
 p - 2 potions of curing {unknown}
 r - a potion of magic {unknown}
 t - a potion of cure mutation {unknown}
 v - 2 potions of flight {unknown}
 w - 2 potions of heal wounds {unknown}
 x - a potion of might {unknown}
Books
 b - a book of Air

   Spells                             Type                      Level
   a - Shock                          Conjuration/Air              1
   b - Swiftness                      Charms/Air                   2
   c - Repel Missiles                 Charms/Air                   2
   d - Static Discharge               Conjuration/Air              3
   e - Lightning Bolt                 Conjuration/Air              5
Comestibles
 c - 3 bread rations
 h - 3 meat rations
 q - a beef jerky


   Skills:
 * Level 3.1 Fighting
 * Level 2.5 Armour
 - Level 2.0 Dodging
 - Level 1.5 Stealth
 - Level 2.0 Spellcasting
 - Level 1.4 Conjurations
 - Level 2.9 Air Magic


You had 5 spell levels left.
You knew the following spells:

 Your Spells              Type           Power        Failure   Level  Hunger
a - Shock                 Conj/Air       #...         10%         1    #......
b - Static Discharge      Conj/Air       #.......     28%         3    ###....


Dungeon Overview and Level Annotations

Branches:
Dungeon (4/15)
 Temple: D:4-7

Altars:
Ru


Innate Abilities, Weirdness & Mutations

((You have hooves in place of feet.))
((Armour fits poorly on your strangely shaped body.))
((You cover ground very quickly.))
((You have extremely tough skin (AC +3).))


Message History

* * * LOW HITPOINT WARNING * * *
You feel very sick.
The scorpion stings you but does no damage. x2
You hit the scorpion. Your kick misses the scorpion.
The scorpion is heavily wounded.
* * * LOW HITPOINT WARNING * * *
You feel very sick. The scorpion stings you.
* * * LOW HITPOINT WARNING * * *
You are more poisoned.
The scorpion poisons you!
Drink which item? (? for menu, Esc to quit)
You turn into a tree.
Your +0 pair of gloves melds into your body.
Your +4 scale mail melds into your body.
Your roots penetrate the ground.
* * * LOW HITPOINT WARNING * * *
You feel very sick. The scorpion stings you.
You die...

#.######## .#
......... ..
......s.# .# #♣# .#
.# #.# .# #.#
###.###### .#
#.#.######..........
.#
#.#.##............##
.#
#.#.##.###.#)####.#
.# ##.#.##.# #.#.# #
.###....##.###.#.#
.............♣♣..♣#


You could see a scorpion.

Vanquished Creatures
  A big kobold (Sewer)
  A giant frog skeleton (D:3)
  Terence (D:3)
  A river rat (Sewer)
  4 adders (D:3)
  An ooze (D:1)
  A worm (D:3)
  2 dart slugs
  5 giant geckos
  6 orcs (D:3)
  3 ball pythons
  8 giant cockroaches
  6 goblins
  10 hobgoblins
  13 jackals
  2 quokkas (D:2)
  10 bats
  6 giant newts (D:1)
  8 kobolds
  13 rats
102 creatures vanquished.

Notes
Turn   | Place    | Note
--------------------------------------------------------------
     0 | D:1      | Chiseanne the Centaur Air Elementalist began the quest for the Orb.
     0 | D:1      | Reached XP level 1. HP: 14/14 MP: 3/3
    64 | D:1      | Reached skill level 1 in Conjurations
   422 | D:1      | Reached XP level 2. HP: 10/20 MP: 1/4
  1015 | D:1      | Reached XP level 3. HP: 26/26 MP: 0/5
  2121 | D:2      | Reached XP level 4. HP: 34/34 MP: 7/7
  2189 | D:2      | Reached skill level 1 in Fighting
  2550 | D:3      | Reached skill level 1 in Armour
  2649 | D:3      | Found a glowing drain.
  2687 | Sewer    | Entered a sewer
  2909 | Sewer    | Learned a level 3 spell: Static Discharge
  2952 | Sewer    | Noticed a big kobold
  2971 | Sewer    | Killed a big kobold
  2971 | Sewer    | Reached skill level 2 in Fighting
  2971 | Sewer    | Reached XP level 5. HP: 25/41 MP: 8/8
  3120 | Sewer    | Found a white marble altar of Elyvilon.
  3372 | D:3      | Found a sacrificial altar of Ru.
  3407 | D:3      | Noticed Terence
  3422 | D:3      | Killed Terence
  3744 | D:3      | Reached skill level 3 in Fighting
  3763 | D:3      | Reached XP level 6. HP: 45/51 MP: 9/9
  4214 | D:4      | HP: 2/76 [poisoned by a scorpion]
  4214 | D:4      | Slain by a scorpion

Skill      XL: |  1  2  3  4  5 |
---------------+----------------+-----
Conjurations   | 1 |  1.4
Dodging        | 2 |  2.0
Spellcasting   | 2 |  2.0
Fighting       | 2 3 |  3.1
Armour         | 2 |  2.5
Stealth        | |  1.5
Air Magic      | |  2.9

Action                   |  1- 3 |  4- 6 || total
-------------------------+-------+-------++-------
Melee: Club              |    19 |       ||    19
       Unarmed           |    10 |       ||    10
       Kick              |    16 |    23 ||    39
       Short sword       |    62 |       ||    62
       Hand axe          |    35 |   176 ||   211
 Cast: Shock             |    54 |       ||    54
  Use: Scroll            |     2 |     7 ||     9
       Potion            |       |     2 ||     2
  Eat: Chunk             |     5 |     6 ||    11
Armor: Robe              |    34 |       ||    34
       Scale mail        |    34 |   129 ||   163
Dodge: Dodged            |    80 |    71 ||   151
